 Dungeon Crawl Stone Soup version 0.28.0-1-gb440e238dd (webtiles) character file.

Game seed: 6283935793896474712

476 croobank the Cutter (level 6, 0/47 HPs)
             Began as a Demonspawn Abyssal Knight on Feb 21, 2022.
             Was a Believer of Lugonu.
             Killed by nerve-wracking pain
             ... invoked by an orc priest
              (3 damage)
             ... on level 5 of the Dungeon.
             The game lasted 00:08:37 (2810 turns).

croobank the Cutter (Demonspawn Abyssal Knight)     Turns: 2810, Time: 00:08:37

Health: 0/47       AC:  5    Str: 15    XL:     6   Next: 85%
Magic:  0/17       EV: 10    Int: 11    God:    Lugonu [**....]
Gold:   235        SH:  0    Dex: 14    Spells: 3/5 levels left

rFire   + . .      SeeInvis +   m - +8 dagger of Amorality {elec, *Corrode rElec rC+ SInv}
rCold   + + .      Faith    .   (no shield)
rNeg    . . .      Spirit   +   q - +0 ring mail of Life {Drain +Blink Fly rPois}
rPois   +          Reflect  .   (no helmet)
rElec   +          Harm     .   (no cloak)
rCorr   +          Rampage  .   (no gloves)
Will    .....                   (no boots)
Stlth   +.........              (no amulet)
HPRegen 0.15/turn               j - ring of magical power
MPRegen 0.30/turn               (no ring)

@: lethally poisoned (0 -> -5), resistant, flying, invisible
A: hooves 2, magic shield, magic regeneration, magic link
a: Renounce Religion, Evoke Blink, Depart the Abyss, Bend Space


You were on level 5 of the Dungeon.
You worshipped Lugonu.
Lugonu was pleased with you.
You visited 1 branch of the dungeon, and saw 4 of its levels.
You visited the Abyss 1 time.

You collected 235 gold pieces.

Inventory:

Hand Weapons
 a - a +1 hand axe
 m - the +8 dagger of Amorality (weapon) {elec, *Corrode rElec rC+ SInv}
   (You found it on level 2 of the Dungeon)

   It occasionally discharges a powerful burst of electricity upon striking a
   foe.
   rC:        It protects you from cold.
   rElec:     It insulates you from electricity.
   SInv:      It lets you see invisible.
   *Corrode:  It may corrode you when you take damage.
Missiles
 d - 123 stones
 i - 23 sling bullets
 l - 6 boomerangs (quivered)
 o - 17 arrows
Armour
 b - a +0 leather armour
 n - a +0 ring mail
 q - the +0 ring mail of Life (worn) {Drain +Blink Fly rPois}
   (You found it on level 3 of the Dungeon)

   rPois:     It protects you from poison.
   Fly:       It grants you flight.
   +Blink:    It lets you blink.
   Drain:     It drains your maximum health when unequipped.
Jewellery
 j - a ring of magical power (left hand)
 r - a ring of fire
Wands
 t - a wand of polymorph (10)
Scrolls
 c - a scroll of enchant armour {unknown}
 e - 2 scrolls of teleportation {unknown}
 f - a scroll of brand weapon {unknown}
 k - a scroll of identify {unknown}
 p - 2 scrolls of immolation {unknown}
 u - a scroll of fog {unknown}


   Skills:
 - Level 3.2 Fighting
 + Level 5.7 Short Blades
 - Level 2.1 Axes
 - Level 2.2 Armour
 - Level 1.4 Dodging
 - Level 3.0 Invocations


You had 3 spell levels left.
You knew the following spells:

 Your Spells              Type           Power      Damage    Failure   Level
a - Poisonous Vapours     Pois/Air       0%         N/A       71%         2

Your spell library contained the following spells:

 Spells                   Type           Power      Damage    Failure   Level
 Blink                    Tloc           0%         N/A       71%         2
 Corpse Rot               Necr/Air       0%         N/A       71%         2
 Ozocubu's Armour         Ice            0%         N/A       90%         3
 Manifold Assault         Tloc           0%         N/A       100%        5
 Conjure Ball Lightning   Conj/Air       0%         3x3d6     100%        6
 Ozocubu's Refrigeration  Ice            0%         4d5       100%        7
 Storm Form               Tmut/Air       0%         N/A       100%        7
 Discord                  Hex            0%         N/A       100%        8
 Disjunction              Tloc           0%         N/A       100%        8


Dungeon Overview and Level Annotations

Branches:
Dungeon (3/15)

Altars:
Wu Jian

Shops:
D:5 (


Innate Abilities, Weirdness & Mutations

You have hoof-like feet.
When hurt, damage is shared between your health and your magic reserves.
You regenerate magic rapidly.
When low on magic, you restore magic in place of health.


Message History

You kill the orc!
Lugonu accepts your kill.
The orc priest looks satisfied for a moment.
Things that are here:
a +0 dagger; a +0 hand axe You closely miss the orc priest.
You kick the orc priest, but do no damage.
The orc priest hits you with a +2 vampiric morningstar.
You puncture the orc priest! Your kick misses the orc priest.
The orc priest is heavily wounded.
You hit the orc priest.
The orc priest is almost dead.
The orc priest calls upon Beogh to heal the orc priest.
The orc priest is healed somewhat.
The orc priest miscasts a cantrip.
You completely miss the orc priest. You kick the orc priest!
The orc priest is almost dead.
The orc priest calls down the wrath of Beogh upon you.
Beogh smites you!
* * * LOW HITPOINT WARNING * * *
You barely miss the orc priest.
The orc priest is almost dead.
The orc priest hits you with a +2 vampiric morningstar.
The orc priest draws strength from your wounds!
You puncture the orc priest!
You kill the orc priest!
Lugonu accepts your kill.
The orc priest hits you but does no damage.
You are poisoned.
The orc priest invokes the aid of Beogh against you.
Beogh smites you!
* * * LOW HITPOINT WARNING * * *
Things that are here:
a +2 vampiric morningstar; an orc corpse You fade into invisibility!
* * * LOW HITPOINT WARNING * * *
You feel sick.
The orc priest mumbles some strange prayers to Beogh against you.
Pain shoots through your body!
You die...

#.oo..............#
#.................#
#........#.#####.∩#
#........# #..#
#..o.....# #..#
##o#.#.#.#.# #..#
#.#.#.# #.# #..#
#o#.#.# ..# #..#
#@#.#.# #.#####..#
#)#.#.# #.#...#..#
#)#.#.###.#......#
#)#...........#.##
#.###.............
#.........##.#####
############.# #.#
#.#


You could see 2 orc priests and an orc wizard.

Vanquished Creatures
  Sigmund (D:2)
  Blork the orc (D:5)
  A scorpion (D:3)
  2 orc priests (D:5)
  Ijyb (D:3)
  An iguana (D:5)
  3 adders
  An ufetubus (D:5)
  A worm (D:2)
  4 dart slugs
  4 orcs (D:5)
  7 ball pythons
  An endoplasm (D:1)
  A giant cockroach (D:2)
  10 goblins
  5 hobgoblins
  6 jackals
  2 kobolds
  A quokka (D:5)
  4 bats
  2 frilled lizards
  5 rats
64 creatures vanquished.

Notes
Turn   | Place    | Note
-------+----------+-------------------------------------------
     0 | Abyss:1  | croobank the Demonspawn Abyssal Knight began the quest for
                  | the Orb.
     0 | Abyss:1  | Reached XP level 1. HP: 18/18 MP: 2/2
    35 | Abyss:1  | Noticed a neqoxec
    36 | D:1      | Escaped the Abyss
   131 | D:1      | Reached skill level 1 in Dodging
   222 | D:1      | Reached * piety under Lugonu
   223 | D:1      | Gained mutation: You have large cloven feet. [demonic
                  | ancestry]
   223 | D:1      | Reached XP level 2. HP: 15/24 MP: 4/4
   878 | D:2      | Gained mutation: You have hoof-like feet. [demonic
                  | ancestry]
   878 | D:2      | Reached XP level 3. HP: 6/29 MP: 5/5
  1336 | D:2      | Identified the +8 dagger of Amorality {elec, *Corrode rElec
                  | rC+ SInv}
  1342 | D:2      | Found a faded altar of an unknown god.
  1467 | D:2      | Found an ornate altar of the Wu Jian Council.
  1482 | D:2      | Reached skill level 1 in Short Blades
  1609 | D:2      | Noticed Sigmund
  1616 | D:2      | Killed Sigmund
  1617 | D:2      | Reached skill level 3 in Short Blades
  1617 | D:2      | Gained mutation: You regenerate magic rapidly. [demonic
                  | ancestry]
  1617 | D:2      | Reached XP level 4. HP: 26/35 MP: 6/6
  1617 | D:2      | Gained mutation: When hurt, damage is shared between your
                  | health and your magic reserves. [demonic ancestry]
  1617 | D:2      | Reached XP level 5. HP: 31/41 MP: 7/7
  1935 | D:2      | Reached skill level 4 in Short Blades
  2350 | D:3      | Learned a level 2 spell: Poisonous Vapours
  2406 | D:3      | Gained mutation: When low on magic, you restore magic in
                  | place of health. [demonic ancestry]
  2406 | D:3      | Reached XP level 6. HP: 46/47 MP: 8/8
  2439 | D:3      | Reached ** piety under Lugonu
  2481 | D:3      | Identified the +0 ring mail of Life {Drain +Blink Fly
                  | rPois}
  2587 | D:3      | Noticed Ijyb
  2601 | D:3      | Killed Ijyb
  2609 | D:3      | You are sucked into a shaft and drop 2 floors!
  2609 | D:5      | Entered Level 5 of the Dungeon
  2707 | D:5      | Found Tiqag's Antique Weapon Emporium.
  2749 | D:5      | Reached skill level 5 in Short Blades
  2772 | D:5      | Noticed Blork the orc
  2794 | D:5      | Killed Blork the orc
  2810 | D:5      | Killed from afar by an orc priest

Illustrated notes

Levels and vault maps discovered:
D:1:      tarquinn_simple_flora_water_d, layout_basic
D:2:      layout_basic, basic_altar, basic_ecumenical_altar, uniq_sigmund
D:3:      kennysheep_the_goblin_king, layout_basic, fountainhead,
          kennysheep_decorative_pillar, st_stairs_10, item_on_display_a
D:5:      layout_loops_ring, serial_shops, shop, uniq_ijyb, uniq_blork_the_orc

Skill      XL: |  1  2  3  4  5  6 |
---------------+-------------------+-----
Dodging        | 1 |  1.4
Armour         | 2 |  2.2
Axes           | 2 |  2.1
Invocations    | 3 |  3.0
Short Blades   | 3 4 5 |  5.7
Fighting       | |  3.2

Action                   |  1- 3 |  4- 6 || total
-------------------------+-------+-------++-------
Melee: Hand axe          |    64 |       ||    64
       Kick              |     9 |    12 ||    21
       Punch             |     1 |     1 ||     2
       Dagger            |    20 |    53 ||    73
Throw: Boomerang         |     2 |     3 ||     5
Invok: Depart the Abyss  |     1 |       ||     1
  Use: Potion            |     1 |     4 ||     5
 Stab: Sleeping          |     1 |       ||     1
Armor: Leather armour    |    19 |     2 ||    21
       Ring mail         |       |    13 ||    13
Dodge: Dodged            |    47 |    19 ||    66
